 Dungeon Crawl Stone Soup version 0.32-a0-306-gfed3edf829 (webtiles) character file.

Game seed: 12730127386228496104

88 voltaire321 the Magician (level 4, 0/25 HPs)
             Began as a Deep Elf Earth Elementalist on Feb 15, 2024.
             Slain by a gnoll
             ... wielding a +0 flail
              (11 damage)
             ... on level 2 of the Dungeon.
             The game lasted 00:02:53 (1015 turns).

voltaire321 the Magician (DEEE)                     Turns: 1015, Time: 00:02:53

Health: 0/25       AC:  2    Str:  7    XL:     4   Next: 29%
Magic:  4/11       EV: 13    Int: 20    God:
Gold:   28         SH:  0    Dex: 15    Spells: 3/10 levels left

rFire   . . .        h - +0 whip (drain)
rCold   . . .        (no shield)
rNeg    . . .        a - +0 robe
rPois   .            i - +0 hat
rElec   .            (no cloak)
rCorr   .            (no gloves)
SInv    .            (no boots)
Will    .....        (no amulet)
Stlth   ++           (no ring)
HPRegen 0.24/turn    (no ring)
MPRegen 0.12/turn

%: no passive effects
@: no status effects
A: no striking features
a: no special abilities


You were on level 2 of the Dungeon.
You visited 1 branch of the dungeon, and saw 2 of its levels.

You collected 28 gold pieces.

Inventory:

Hand Weapons
 h - a +0 whip of draining (weapon)
Armour
 a - a +0 robe (worn)
 i - a +0 hat (worn)
Jewellery
 f - a ring of resist corrosion
Scrolls
 c - a scroll of identify {unknown}
 e - a scroll of amnesia {unknown}
Potions
 b - a potion of magic
 d - a potion of heal wounds {unknown}
 g - a potion of degeneration {unknown}
 j - 2 potions of mutation {unknown}


   Skills:
 + Level 1.0 Fighting
 + Level 1.1 Armour
 + Level 3.1 Dodging
 - Level 2.4 Stealth
 + Level 3.8 Spellcasting
 + Level 1.9 Conjurations
 + Level 3.7 Earth Magic


You had 3 spell levels left.
You knew the following spells:

 Your Spells              Type           Power      Damage    Failure   Level
a - Sandblast             Erth           36%        2d10      2%          1
b - Passwall              Erth           18%        N/A       9%          3
c - Stone Arrow           Conj/Erth      30%        3d8       12%         3

Your spell library contained the following spells:

 Spells                   Type           Power      Damage    Failure   Level
 Call Imp                 Summ           6%         N/A       21%         2
 Sublimation of Blood     Necr           3%         N/A       21%         2
 Brom's Barrelling Bould  Conj/Erth      15%        2d4       38%         4
 Petrify                  Alch/Erth      11%        N/A       52%         4
 Summon Hydra             Summ           1%         N/A       100%        7


Dungeon Overview and Level Annotations

Branches:
Dungeon (2/15)

Altars:
Ru

Shops:
D:1 *


Message History

You are very lightly contaminated with residual magic.
Nothing appears to happen.
The quokka bites you.
Aiming: Sandblast (safe; 2% risk of failure)
Press: ? - help, Q - select action Shift-Dir - straight line, f/p - quokka
Aim: a quokka (75% to hit)
The blast of sand hits the quokka!
You kill the quokka!
The gnoll barely misses you.
Aiming: Sandblast (safe; 2% risk of failure)
Press: ? - help, Q - select action Shift-Dir - straight line, f - gnoll
Aim: a gnoll, wielding a +0 club (84% to hit)
The blast of sand hits the gnoll!
The gnoll is almost dead.
The gnoll hits you with a +0 club. The gnoll closely misses you.
Aiming: Sandblast (safe; 2% risk of failure)
Press: ? - help, Q - select action Shift-Dir - straight line, f/p - gnoll
Aim: a gnoll, wielding a +0 club (almost dead, 84% to hit)
The blast of sand hits the gnoll.
You kill the gnoll!
Your magical contamination has completely faded away.
Aiming: Sandblast (safe; 2% risk of failure)
Press: ? - help, Q - select action Shift-Dir - straight line, f - gnoll
Aim: a gnoll, wielding a +0 flail (84% to hit)
The blast of sand misses the gnoll.
The gnoll hits you from afar with a +0 spear.
The gnoll closely misses you.
The gnoll hits you from afar with a +0 spear.
Aiming: Sandblast (safe; 2% risk of failure)
Press: ? - help, Q - select action Shift-Dir - straight line, f/p - gnoll
Aim: a gnoll, wielding a +0 flail (84% to hit)
The blast of sand misses the gnoll.
The gnoll hits you with a +0 flail. The gnoll closely misses you. x2
Aiming: Sandblast (safe; 2% risk of failure)
Press: ? - help, Q - select action Shift-Dir - straight line, f/p - gnoll
Aim: a gnoll, wielding a +0 flail (84% to hit)
The blast of sand hits the gnoll!
The gnoll is severely wounded.
The gnoll closely misses you. The gnoll hits you with a +0 flail!
You die...

#.........
#####.........
#.....†....... #.#
##.####.#######
.......g.......
##.####g###########
#.####)#### #....# ##
#.....@g..# #....# #.
#.........# #....# #.
##.........# #....# #.
...........###....#####.
........................
.......†_..##########..#
.#.#.......#########..##
....#............##..##
.#....##..##..^#.##.##


You could see 3 gnolls.

Vanquished Creatures
  A gnoll (D:2)
  An adder (D:2)
  A ribbon worm (D:2)
  2 dart slugs
  3 endoplasms (D:1)
  5 giant cockroaches
  5 goblins
  2 hobgoblins
  2 quokkas
  5 ball pythons
  2 bats
  A frilled lizard (D:1)
  2 kobolds (D:1)
  4 rats
36 creatures vanquished.

Notes
Turn   | Place    | Note
-------+----------+-------------------------------------------
     0 | D:1      | voltaire321 the Deep Elf Earth Elementalist began the quest
                  | for the Orb.
     0 | D:1      | Reached XP level 1. HP: 10/10 MP: 6/6
   144 | D:1      | Reached XP level 2. HP: 15/15 MP: 6/8
   352 | D:1      | Reached XP level 3. HP: 20/20 MP: 5/9
   422 | D:1      | Found Wuwag's General Store.
   846 | D:2      | Learned a level 3 spell: Passwall
   850 | D:2      | Learned a level 3 spell: Stone Arrow
   911 | D:2      | Found a sacrificial altar of Ru.
   937 | D:2      | Reached skill level 1 in Fighting
   937 | D:2      | Reached skill level 1 in Armour
   937 | D:2      | Reached XP level 4. HP: 25/25 MP: 4/11
  1015 | D:2      | Slain by a gnoll

Illustrated notes

Levels and vault maps discovered:
D:1:      lightli_arrival_statue_moat, layout_rooms, serial_shops,
          nicolae_shop_tiny_statue_garden
D:2:      layout_basic, basic_altar

Skill      XL: |  1  2  3 |
---------------+----------+-----
Dodging        | 3 |  3.1
Fighting       | 1 |  1.0
Armour         | 1 |  1.1
Stealth        | |  2.4
Spellcasting   | |  3.8
Conjurations   | |  1.9
Earth Magic    | |  3.7

Action                     |  1- 3 |  4- 6 || total
---------------------------+-------+-------++-------
  Melee: Whip              |     2 |       ||     2
   Cast: Sandblast         |    48 |     7 ||    55
 Armour: Robe              |     5 |     7 ||    12
  Dodge: Dodged            |     6 |     6 ||    12

Table legend: (Time is in decaauts)
 A = Elapsed time spent in this place.
 B = Non-inter-level travel time spent in this place.
 C = Inter-level travel time spent in this place.
 D = Time resting spent in this place.
 E = Time spent auto-exploring this place.
 F = Levels seen in this place.
 G = Mean time per level.
                   A        B        C        D        E       F      G
               +--------+--------+--------+--------+--------+-----+--------+
         Total |   1041 |   1041 |      0 |     27 |    740 |   2 |  520.5 |
       Dungeon |   1041 |   1041 |      0 |     27 |    740 |   2 |  520.5 |
               +--------+--------+--------+--------+--------+-----+--------+

Top non-repeatable levels by time:
     D:1: 657 daAuts
     D:2: 383 daAuts
